Match 47331537
Unlisted

Match 47331537
End
Engineer Squad
Construct Weapon Support Center
Selects Heavy Weapons
M1919 Machine Gun Team
M1919 Machine Gun Team
M1919 Machine Gun Team
Engineer Squad
Mechanized Support Center
Construct Motor Pool
M8 Greyhound Armored Car
Born to Coom
Hanzawilhelm Longbowman of Crécy
BlueSkidrow™ Legion
aSIIWarbringer
0
0

Comments sign in to comment!

No comments posted yet!